Cogmind - Beta 13 @@@ ROGUE MODE // 2024.07.03 @ 13:39:58 Player: Jazzer Result: Destroyed by 1A-E4F(R) with Subdweller Laser Performance ------------- Evolutions (0) 0 Regions Visited (2) 400 Robots Destroyed (34) 170 Value Destroyed (887) 887 Prototype IDs (1) 20 Alien Tech Used (0) 0 Bonus (0) 0 TOTAL SCORE: 1477 Bonus ------- None Cogmind --------- Core Integrity 0/250 Matter 260/300 Energy 222/250 System Corruption 0% Temperature Cool (12) Movement Rolling (130) Ox2 Location -10/Subcaves Parts ------- > --- POWER (1) -------- Ion Engine > --- PROPULSION (2) --- Subdweller Monowheel > --- UTILITY (2) ------ High-capacity Storage Unit Improved Targeting Computer > --- WEAPON (2) ------- Subdweller Laser Subdweller Beam Cannon > --- INVENTORY (20) --- Subdweller Monowheel Improved Heat Sink Large Storage Unit Medium Battery (150) High-capacity Matter Pod (200) Targeting Computer Improved Targeting Computer Shield Generator Shield Generator EM Shotgun EM Shotgun Improved Medium Laser Assault Rifle Shotgun Shotgun Shotgun Battle Cannon Battle Cannon Grenade Launcher Peak State ------------ > --- POWER ------------ Ion Engine > --- PROPULSION ------- Wheel Subdweller Monowheel > --- UTILITY ---------- High-capacity Storage Unit Improved Targeting Computer > --- WEAPON ----------- Improved Medium Laser Improved Medium Laser > --- INVENTORY -------- Ion Engine Improved Heat Sink Large Storage Unit Medium Battery High-capacity Matter Pod Targeting Computer Improved Targeting Computer Shield Generator Shield Generator EM Shotgun EM Shotgun EM Shotgun Improved Medium Laser Beam Cannon Assault Rifle Shotgun Shotgun Shotgun Shotgun Grenade Launcher [Rating: 16] Favorites ----------- Power Ion Engine Engine Ion Engine Propulsion Wheel Wheel Wheel Utility Improved Targeting Computer Device Seismic Detector Storage High-capacity Storage Unit Processor Improved Targeting Computer Weapon Improved Medium Laser Energy Gun Improved Medium Laser Energy Cannon Subdweller Beam Cannon Ballistic Gun Assault Rifle Launcher Grenade Launcher Build | -11 -10 -10 ------- Run | Yrd Mat Sub Slots Evolved . | . . . Power . | . . . Propulsion . | . . . Utility . | . . . Weapon . | . . . Parts Attached 33 | 7 10 16 Power 2 | 1 . 1 Engine 2 | 1 . 1 Core . | . . . Reactor . | . . . Propulsion 8 | 2 3 3 Treads . | . . . Leg . | . . . Wheel 8 | 2 3 3 Hover . | . . . Flight . | . . . Utility 6 | 2 4 . Device 1 | 1 . . Storage 4 | 1 3 . Processor 1 | . 1 . Hackware . | . . . Protection . | . . . Artifact . | . . . Weapon 17 | 2 3 12 Energy Gun 6 | . 2 4 Energy Cannon 4 | . 1 3 Ballistic Gun 5 | 2 . 3 Ballistic Cannon . | . . . Launcher 2 | . . 2 Special Weapon . | . . . Impact Weapon . | . . . Slashing Weapon . | . . . Piercing Weapon . | . . . Special Melee Weapon . | . . . Unidentified Prototypes 1 | . 1 . Parts Lost 12 | . 4 8 Power 1 | . . 1 Propulsion 6 | . 3 3 Utility 1 | . 1 . Weapon 4 | . . 4 Highest Loss Streak 3 | . 3 3 To Critical Strikes . | . . . Average Slot Usage (%) 91 | . 95 87 Engine 11 | . 14 9 Wheel 23 | . 25 21 Storage 14 | . 14 14 Processor 12 | . 11 14 Energy Gun 21 | . 22 21 Energy Cannon 1 | . 1 2 Ballistic Gun 3 | . 4 3 Naked Turns . | . . . Heaviest Build 57 | 15 51 57 Greatest Support 40 | 20 20 40 Greatest Overweight (x) 5 | 2 4 5 Average Overweight (x) 1 | . . 1 Largest Inventory Capacity 20 | 8 20 20 Average Capacity 16 | 7 13 20 Most Carried 20 | 5 20 20 Average Carried 15 | 2 11 19 Final Capacity 20 | 8 20 20 Final Carried 20 | 5 20 19 Class Distribution -------------------- 100% | Mutant Dominant Class ---------------- Mutant | -10/Materials Mutant | -10/Subcaves Resources | -11 -10 -10 ----------- Run | Yrd Mat Sub Matter Collected 936 | 344 381 211 Remotely . | . . . Salvage Created 1238 | 140 699 399 Parts 63 | 10 28 25 Haulers Intercepted 1 | . 1 . Recyclers Shooed 1 | . 1 . Parts Field Recycled . | . . . Retrieved Matter . | . . . Parts Self-Destructed 13 | . . 13 Prevented . | . . . Kills | -11 -10 -10 ------- Run | Yrd Mat Sub Combat Hostiles Destroyed 24 | . 11 13 Guns 20 | . 9 11 Cannons 1 | . 1 . AOE 2 | . . 2 Classes Destroyed 7 | 2 3 2 Tunneler 4 | 4 . . Hauler 1 | . 1 . Recycler 3 | 1 2 . Operator 2 | . 2 . Swarmer 4 | . . 4 Grunt 12 | . 11 1 Subdweller 8 | . . 8 Best Kill Streak 4 | 3 3 4 Combat Bots Only 4 | . 3 4 Max Kills in Single Turn 2 | 1 1 2 Gunslinging 1 | . . 1 Exploded 1 | . . 1 Melee . | . . . Uniques/NPCs Destroyed . | . . . Combat | -11 -10 -10 -------- Run | Yrd Mat Sub Hostile Shots Fired 112 | . 26 86 Missed 28 | . 5 23 Damage Taken 1295 | . 293 1002 Core 260 | . 49 211 Absorbed by Shields . | . . . Core Remaining (%) 100 | 100 . . Volleys Fired 102 | 14 37 51 Largest 2 | 2 2 2 Hottest 140 | 40 116 140 Shots Fired 196 | 28 74 94 Gun 179 | 28 69 82 Cannon 11 | . 5 6 Launcher 6 | . . 6 Special . | . . . Kinetic 74 | 28 32 14 Thermal 111 | . 42 69 Explosive 6 | . . 6 Electromagnetic 5 | . . 5 Robot Hit Streak 21 | 5 17 21 Robot Miss Streak 3 | 3 3 2 Penetration Max . | . . . Secondary Targets 3 | . . 3 Max Gunslinging Chain 1 | . . 1 Shots Hit Robots 142 | 17 54 71 Core Hits 53 | 6 23 24 Critical Kills . | . . . Critical Parts Destroyed 1 | 1 . . Critical Strikes 11 | 1 4 6 Burn 10 | . 4 6 Destroy 1 | 1 . . Melee Attacks . | . . . Impact . | . . . Slashing . | . . . Piercing . | . . . Sneak Attacks . | . . . Combat Hostiles . | . . . Follow-up Attacks . | . . . Damage Inflicted 2222 | 233 820 1169 Guns 1855 | 233 750 872 Cannons 98 | . 70 28 Explosions 269 | . . 269 Melee . | . . . Ramming . | . . . Kinetic 621 | 233 305 83 Thermal 1280 | . 515 765 Explosive 269 | . . 269 Electromagnetic 52 | . . 52 Impact . | . . . Slashing . | . . . Piercing . | . . . Highest Corruption . | . . . Average Corruption . | . . . Corruption Purged . | . . . Corruption Blocked . | . . . Overload Shots . | . . . Overflow Damage 2 | . 2 . Projectiles 2 | . 2 . Explosions . | . . . Melee . | . . . Knockbacks . | . . . Impact . | . . . Kinetic . | . . . Secondary . | . . . Self-Inflicted Damage . | . . . Shots . | . . . Rammed . | . . . Targets Rammed . | . . . Kicked . | . . . Crushed . | . . . Highest Temperature 231 | . 231 6 Average Temperature 54 | . 57 3 Received Heat Transfer 276 | . 180 96 Siege Activations . | . . . Robots Corrupted . | . . . Combat Hostiles . | . . . Parts Fried . | . . . Impact Corruptions . | . . . Robots Melted 1 | . 1 . Combat Hostiles 1 | . 1 . Parts Melted 7 | . 4 3 Heat Transferred 3466 | . 1406 2060 Parts Sabotaged . | . . . Parts Stolen . | . . . Parts Stripped . | . . . Power Chain Reactions . | . . . Alert | -11 -10 -10 ------- Run | Yrd Mat Sub Peak Influence 304 | 25 304 . Initial 16 | . 16 . Average 105 | 8 119 . Maximum Alert Level 1 | . 1 . Low Security (%) 92 | 100 91 . Level 1 7 | . 8 . Level 2 . | . . . Level 3 . | . . . Level 4 . | . . . Level 5 . | . . . High Security . | . . . Max Security . | . . . Squads Dispatched 2 | . 2 . Investigation 1 | . 1 . Extermination . | . . . Reinforcement 1 | . 1 . Assault . | . . . Garrison . | . . . Intercept . | . . . Searches Triggered . | . . . Construction Impeded . | . . . Haulers Reinforced . | . . . Active Scanning Responses . | . . . Cargo Convoy Interrupts . | . . . Stealth | -11 -10 -10 --------- Run | Yrd Mat Sub Distress Signals 1 | . 1 . Communications Jammed . | . . . Distress Signals . | . . . Times Spotted 45 | . 24 21 Peak Tracking Total 5 | . 4 5 Tactical Retreats 2 | . . 2 Traps | -11 -10 -10 ------- Run | Yrd Mat Sub Traps Triggered 3 | . 1 2 Indirectly . | . . . Trap Hack Attempts . | . . . Triggered . | . . . Disarmed . | . . . Reprogrammed . | . . . Reused . | . . . Traps Extracted . | . . . Installed . | . . . Triggered . | . . . Machines | -11 -10 -10 ---------- Run | Yrd Mat Sub Machines Disabled . | . . . Max in Single Turn . | . . . Machines Repaired . | . . . Machines Dismantled . | . . . Machines Sabotaged . | . . . Overloaded Fab Kills . | . . . Hacking | -11 -10 -10 --------- Run | Yrd Mat Sub Machines Accessed 7 | . 6 1 Terminals 6 | . 6 . Fabricators . | . . . Repair Stations . | . . . Recycling Units . | . . . Scanalyzers . | . . . Garrison Access . | . . . Total Hacks 19 | . 18 1 Successful 10 | . 9 1 Failed 8 | . 8 . Catastrophic . | . . . Database Lockouts 1 | . 1 . Manual 16 | . 16 . Terminals 18 | . 18 . Fabricators . | . . . Repair Stations . | . . . Recycling Units . | . . . Scanalyzers . | . . . Garrison Access . | . . . Terminal Hacks 7 | . 6 1 Record 1 | . . 1 Part Schematic 2 | . 2 . Robot Analysis 3 | . 3 . Locate Traps 1 | . 1 . Fabricator Hacks . | . . . Repair Station Hacks . | . . . Recycling Unit Hacks . | . . . Scanalyzer . | . . . Garrison Access Hacks . | . . . Unauthorized Hacks 3 | . 3 . Terminals 3 | . 3 . Botnet 3 | . 3 . Fabricators . | . . . Repair Stations . | . . . Recycling Units . | . . . Scanalyzers . | . . . Garrison Access . | . . . Data Cores Recovered 2 | . 2 . Used 1 | . 1 . Hacking Detections 6 | . 6 . Full Trace Events 1 | . 1 . Feedback Events . | . . . Feedback Blocked . | . . . Robot Schematics Acquired . | . . . Robots Built . | . . . Authchips . | . . . Time . | . . . Total Robot Build Rating . | . . . Part Schematics Acquired 2 | . 2 . Parts Built . | . . . Authchips . | . . . Time . | . . . Total Part Build Rating . | . . . Parts Repaired . | . . . Time . | . . . Parts Recycled . | . . . Recycled Matter . | . . . Retrieved Matter . | . . . Retrieved Components . | . . . Parts Scanalyzed . | . . . Part Schematics Acquired . | . . . Parts Damaged . | . . . Bothacking | -11 -10 -10 ------------ Run | Yrd Mat Sub Used RIF Installer . | . . . Robots Hacked . | . . . Non-combat . | . . . Combat . | . . . Robot Hacks Applied . | . . . Relay Couplers Released . | . . . Fabnet Peak Effective % . | . . . Robots Rewired . | . . . Allies Hacked . | . . . Hacks Repelled . | . . . Allies | -11 -10 -10 -------- Run | Yrd Mat Sub Total Allies . | . . . Largest Group . | . . . Highest-Rated Group . | . . . Highest-Rated Ally . | . . . Total Orders . | . . . Ally Attacks . | . . . Total Damage . | . . . Kills . | . . . Allies Corrupted . | . . . Allies Melted . | . . . Intel | -11 -10 -10 ------- Run | Yrd Mat Sub Robot Analysis Total 3 | . 3 . Derelict Logs Recovered 1 | . . 1 Drone Launches . | . . . Drone Recoveries . | . . . Exploration | -11 -10 -10 ------------- Run | Yrd Mat Sub Turns Passed 2458 | 162 1108 1188 Spaces Moved 1474 | 128 711 635 Core 27 | 5 22 . Treads . | . . . Legs . | . . . Wheels 1447 | 123 689 635 Hover . | . . . Flight . | . . . Fastest Speed 50 | 50 80 107 Average Speed 105 | 80 97 119 Slowest Speed 250 | 150 250 155 Overloaded Moves . | . . . Propulsion Burnouts . | . . . Robots Hopped . | . . . Cave-ins Triggered . | . . . Exploration Rate (%) 48 | 8 91 45 Regions Visited 2 Branch Regions 1 Pre-discovered Areas 1 | . . 1 Known Exits Taken . | . . . Unknown Exits Taken 2 | 1 1 . Scrap Searched 1 | . . 1 Spaces Dug . | . . . Terrain Destroyed 6 | . . 6 Melee . | . . . Projectile . | . . . AOE 6 | . . 6 Terrain Rammed . | . . . Walls Destroyed . | . . . Machines Disabled . | . . . Actions | -11 -10 -10 --------- Run | Yrd Mat Sub Total 2175 | 155 1055 965 Wait 516 | 2 262 252 Move 1472 | 127 710 635 Hop . | . . . Pick Up 37 | 5 25 7 Fast Attach 11 | 7 2 2 Attach 9 | . 3 6 Detach 1 | . . 1 Swap 13 | . 5 8 Drop 14 | . 11 3 Fire 102 | 14 37 51 Melee . | . . . Ram . | . . . Kick . | . . . Crush . | . . . Escape Stasis . | . . . Rewire . | . . . Trap . | . . . Miscellaneous . | . . . Route ------- -11/Scrapyard -10/Materials (discovered 6 exits: [*Mat x3] / [*Min x2] / *Sub) -10/Subcaves (discovered 2 exits: [*Mat] / [*Rec]) History --------- Turn | Location | Event 18 | -11/Scrapyard | Discovered new exit (range 16) 163 | -11/Scrapyard | Entered Materials 254 | -10/Materials | Lost 3 parts (2n1u) 301 | -10/Materials | Build established: Mutant 370 | -10/Materials | Discovered new exit (range 10) 404 | -10/Materials | Discovered new exit (range 12) 564 | -10/Materials | Discovered new exit (range 12) 703 | -10/Materials | Discovered new exit (range 15) 716 | -10/Materials | Central database locked down 815 | -10/Materials | Discovered new exit (range 10) 1187 | -10/Materials | Discovered new exit (range 8) 1271 | -10/Materials | Entered Subcaves 1495 | -10/Subcaves | Learned location of Storage (-7) 1496 | -10/Subcaves | Discovered new exit (range 6) 1520 | -10/Subcaves | Visited Clippyterm 1523 | -10/Subcaves | Learned Factory trap positions 1935 | -10/Subcaves | Lost 3 parts (1n2w) 1985 | -10/Subcaves | Core integrity fell below 50% 2124 | -10/Subcaves | Disturbed a concealed Subdweller 2235 | -10/Subcaves | Discovered new exit (range 12) 2248 | -10/Subcaves | Core integrity fell below 20% 2459 | -10/Subcaves | Destroyed by 1A-E4F(R) with Subdweller Laser Last Messages --------------- 02353_ Subatomizers dissect the Sub. Optics. 02363_ Acquired Sub. Monowheel. 02440_ 62-VYX(u) builds Twisted Machinery. 02440_ 22-1X5(u) deconstructs Twisted Machinery. 02442_ 62-VYX(u) builds Twisted Machinery. 02442_ 22-1X5(u) deconstructs Twisted Machinery. 02444_ 62-VYX(u) builds Twisted Machinery. 02444_ 22-1X5(u) deconstructs Twisted Machinery. 02446_ 62-VYX(u) builds Twisted Machinery. 02446_ 22-1X5(u) deconstructs Twisted Machinery. 02448_ 62-VYX(u) builds Twisted Machinery. 02448_ 22-1X5(u) deconstructs Twisted Machinery. 02450_ 62-VYX(u) builds Twisted Machinery. 02450_ 22-1X5(u) deconstructs Twisted Machinery. 02452_ 62-VYX(u) builds Twisted Machinery. 02452_ 22-1X5(u) deconstructs Twisted Machinery. 02454_ 62-VYX(u) builds Twisted Machinery. 02456_ 22-1X5(u) deconstructs Twisted Machinery. 02458_ 62-VYX(u) builds Twisted Machinery. 02458_ 22-1X5(u) deconstructs Twisted Machinery. Map ----- +----------------------------------------------------+ | ?????????????????????????????????????????????????? | | ?????????????????????????????????????????????##### | | ????????????????????????????????????????????## | | ????????????????????????????????????????????# | | ???????????????????????????????????????????## | | ??????????????????????????????????????????## ## | | ?????????????????????????????????????????## #? | | ?????????????????????????????????????????# ##? | | ?????????????????????????????????????????# #?? | | ?????????????????????????????????????????# ##? | | ?????????????????????????????????????????## ## | | ??????????????????????????????????????????## # | | ???????????????????????????????????????????# # | | ??????????????????????????????????????????## # | | ???????????????????????????????????????#### ## | | ???????????????????????????????????????# ### ## | | ??????????????????????????????????????## ### # | | ??????????????????????????????????????# ## % | | ??????????????????????????????????????# % | | ??????????????????????????????????????#"" %### | | ??????????????????????????????###?????#"" ##?# | | ??????????????????????????##### ####?### #?? | | ??????????????????????????# "" ##"##""# ## #?? | | ????????????????????????### " """ ### #?# | | ?????????? R #### "### ### #?# | | ??????????????# @"uu## ## ##?### ### | | ????????????????# #####" ##### ##### ## | | ????????????????# ???????#" #???# ### | | ?????????????????????????## #??## ##?# | | ??????????????????????????# ##?## #??? | | ??????????????????????????""#?## #??? | | ??????????????????????????" ?# #??? | | ??????????????????????????# #?## #### | | ???????????????????????????#???### | | ?????????????????????????????????# ## | | ???????????????????????????????### ### | | ????????????????????????????#### #?## ##### | | ????????????????????????????# ##?###??## | | ????????????????????????????## ###????# | | ?????????????????????????????# ##??## | | ??????????????????????####??## #??# | | ?????????????????????## ##?# #?# | | ????????????????????## ### ## #?## | | ????????????????????# #?# #??## | | ???????????????????# #??# #???# | | ??????????????????# ##???# #???? | | ??????????????????# ### ### ###?????####???? | | ??????????????????#####??#####?####??????????????? | | ?????????????????????????????????????????????????? | | ?????????????????????????????????????????????????? | +----------------------------------------------------+ Best States ------------- Heat Dissipation 25 Energy Generation 10 Energy Capacity 250 Matter Stores 300 Matter Capacity 300 Sight Range 16 Terrain Scan Density 10 Evasion (%) 44 Targeting Accuracy 6 Item Schematics ----------------- Huge Storage Unit | -10/Materials | Hacked Lrg. Storage Unit | -10/Materials | Hacked Robot Schematics ------------------ None Fabricated ------------ Nothing Alien Tech Used ----------------- None Achievements -------------- None Challenges ------------ None Game ------ Seed WarpStormPenetrator Manual? 0 Play Time 00:27:46 Cumulative 303.5 hours Start 2024.07.03 @ 13:13:55 End 2024.07.03 @ 13:39:58 Sessions 1 Manual Loads 0 Difficulty Rogue Special Mode None Game No. 178 Rogue 178 Adventurer 0 Explorer 0 Win Type - Total 2 Types 2/0/0/0/0/0/0/0/0 Lore% 53 Gallery% 63 Achievement% 39 Wizard Run 0 Options --------- Layout 0 ASCII 0 Keyboard 1 Movement Numpad Keybinds 0 Fullscreen 2 Font 18/SmallcapsGlow Map View 76x50 Zoom Use 0% Tactical HUD 1 Map Filters NONE Filters NONE Steam 1 RUN: 1529c608-1ecb-4019-9348-af4e754f6212